Map: [ESL] Hecate

Players

GuMiho

  • Race: Terran Terran
  • Spawn Location: 1:00

ByuN - Winner!

  • Race: Terran Terran
  • Spawn Location: 7:00

Event: IEM Katowice 2024

VOD

Have the link to the VOD?

Description

Time

  • Played on: Feb. 10, 2024, 1:24 p.m.
  • Length: 13:39

All games in this series

Show
View Real Time Build Order
Export as new Build Order

GuMiho Terran 

Build Orders: Cyclone Opening 

Get SALT Encoding   

  12  0:00  SCV  
  13  0:12  SCV  
  14  0:17  Supply Depot  
  14  0:24  SCV  
  14  0:28  Refinery  
  15  0:38  SCV  
  16  0:43  Barracks  
  16  0:50  SCV  
  17  1:02  SCV  
  18  1:14  SCV  
  19  1:30  Orbital Command, Marine  
  19  1:31  Factory, Supply Depot  
  20  1:48  Reaper  
  21  1:56  SCV  
  22  2:05  Command Center  
  22  2:08  SCV  
  23  2:14  Hellion  
  25  2:18  Refinery  
  25  2:20  SCV  
  26  2:30  Starport  
  26  2:32  SCV  
  27  2:39  Supply Depot  
  27  2:42  Barracks Reactor  
  27  2:44  SCV  
  28  2:51  Cyclone  
  28  2:56  SCV  
  31  3:08  SCV  
  31  3:10  Medivac  
  34  3:17  Orbital Command  
  34  3:18  Marine x2  
  36  3:20  SCV  
  36  3:23  Cyclone  
  39  3:33  SCV  
  40  3:36  Marine x2  
  40  3:39  Supply Depot  
  42  3:42  Liberator  
  42  3:43  SCV  
  42  3:46  SCV  
  47  3:50  Supply Depot  
  47  3:55  Marine x2  
  47  3:59  Cyclone  
  47  4:13  Marine x2  
  47  4:15  SCV x2  
  48  4:27  SCV  
  48  4:30  SCV  
  48  4:31  Marine x2  
  47  4:39  SCV  
  47  4:42  SCV  
  47  4:44  Cyclone  
  50  4:49  Marine  
  50  4:52  SCV  
  52  4:55  SCV  
  52  4:56  Marine  
  52  4:57  Supply Depot  
  52  4:59  Viking  
  56  5:06  Marine  
  56  5:07  SCV  
  56  5:08  SCV  
  58  5:14  Marine  
  58  5:19  Factory Tech Lab  
  58  5:20  SCV x2  
  61  5:24  Marine  
  62  5:32  SCV x2  
  62  5:33  Command Center  
  63  5:44  SCV x2  
  63  5:45  Siege Tank  
  63  5:48  Supply Depot  
  66  5:56  Marine x2, SCV x2  
  68  6:08  SCV x2  
  68  6:10  Starport Tech Lab  
  70  6:13  Supply Depot  
  70  6:14  Marine x2  
  70  6:15  Supply Depot  
  71  6:20  SCV x2  
  64  6:30  Siege Tank  
  64  6:32  SCV x2  
  62  6:33  Banshee  
  62  6:34  Refinery  
  62  6:35  Refinery  
  62  6:37  Marine x2  
  67  6:44  SCV x2  
  67  6:45  Barracks  
  69  6:47  Barracks  
  69  6:50  Orbital Command  
  69  6:55  Marine x2  
  69  7:00  SCV x2  
  73  7:04  Siege Tank  
  76  7:08  Engineering Bay  
  76  7:10  Engineering Bay  
  76  7:12  SCV x2  
  78  7:22  Marine x2  
  80  7:23  Barracks  
  80  7:24  Barracks, SCV x3  
  80  7:26  Starport Reactor  
  83  7:34  Terran Infantry Weapons Level 1  
  83  7:36  Terran Infantry Armor Level 1  
  83  7:38  Barracks Tech Lab  
  83  7:41  Missile Turret x2  
  83  7:44  Siege Tank, Marine x2  
  83  7:46  SCV x2  
  83  7:48  Orbital Command  
  83  7:49  Stimpack  
  83  7:50  Marine  
  91  7:58  SCV x2  
  93  8:05  Missile Turret x2, Marine x3  
  95  8:08  Marine  
  95  8:10  SCV x2  
  95  8:12  Marine x2  
  99  8:16  SCV  
  99  8:19  Siege Tank  
  100  8:22  SCV x2  
  100  8:23  Medivac x2  
  103  8:28  SCV  
  103  8:30  Supply Depot x2  
  103  8:31  Missile Turret  
  104  8:34  Marine x2  
  104  8:36  Barracks Reactor x2  
  106  8:41  Marine  
  106  8:42  Combat Shield, Marine  
  106  8:44  SCV x3  
  111  8:49  Sensor Tower  
  111  8:52  Armory, Marine x2  
  113  8:56  Siege Tank  
  113  8:59  Marine x2  
  113  9:01  SCV x3  
  119  9:10  Marine x2, Refinery  
  119  9:11  Refinery  
  119  9:13  SCV x2  
  119  9:16  Viking x2  
  127  9:17  Marine x2  
  127  9:20  Marine x2  
  131  9:28  Marine  
  132  9:32  Marine  
  132  9:33  Marine  
  132  9:35  Marine  
  132  9:37  Supply Depot  
  132  9:38  Supply Depot  
  133  9:44  Marine x4  
  137  9:46  SCV x2  
  137  9:47  Terran Infantry Weapons Level 2  
  137  9:48  Terran Infantry Armor Level 2  
  137  9:51  Marine x2  
  141  9:53  Siege Tank  
  141  9:56  Marine x2  
  146  10:02  Marine  
  147  10:08  Command Center, Marine x2  
  147  10:10  Marine x3  
  147  10:11  Medivac x2  
  156  10:16  Marine x2  
  156  10:19  Marine  
  158  10:26  Marine x2  
  158  10:28  Marine x3  
  143  10:34  Marine x2  
  138  10:37  Marine  
  108  10:44  Marine x2  
  108  10:45  Marine  
  108  10:46  Marine x2  
  108  10:48  SCV x2  
  108  10:49  Siege Tank, SCV  
  118  10:50  Liberator x2  
  118  10:51  Marine  
  118  10:52  Marine  
  118  10:54  Terran Vehicle Weapons Level 1  
  118  10:55  Marine  
  127  11:02  Marine x2  
  127  11:03  Marine x3, SCV x3  
  135  11:04  Refinery  
  135  11:09  Marine x2  
  137  11:13  Marine  
  138  11:19  Marine x2  
  138  11:21  Marine x3  
  137  11:25  Siege Tank  
  137  11:26  SCV x3  
  137  11:27  Marine x2  
  137  11:31  Marine  
  144  11:37  Marine x2  
  144  11:38  Viking x2, SCV x2  
  144  11:39  Marine  
  153  11:48  Marine x4  
  153  11:49  Marine  
  153  11:50  SCV x3  
  161  11:59  Marine x3  
  164  12:02  SCV x3  
  164  12:04  Planetary Fortress, Siege Tank  
  164  12:06  Marine x2  
  172  12:13  Marine  
  172  12:14  SCV x2  
  172  12:15  SCV, Marine x2  
  178  12:16  Marine  
  177  12:24  Marine x2  
  177  12:25  Marine x2  
  177  12:28  SCV x3  
  170  12:31  Marine  
  170  12:32  Marine x2  
  170  12:36  Siege Tank  
  164  12:37  Marine  
  164  12:39  Medivac x2  
  164  12:40  SCV x2  
  164  12:42  Marine x3, SCV  
  164  12:43  Marine  
  142  12:52  SCV  
  142  12:53  SCV  
  135  13:07  Marine  
  135  13:08  Marine x2  
  139  13:13  Marine x3  
  139  13:16  Marine x2  
Show
View Real Time Build Order
Export as new Build Order

ByuN Terran - Winner!

Build Orders: Cyclone Opening, Gas First Reaper Expand 

Get SALT Encoding   

  12  0:00  SCV  
  13  0:12  SCV  
  14  0:16  Supply Depot  
  14  0:24  SCV  
  14  0:27  Refinery  
  15  0:38  SCV  
  16  0:43  Barracks  
  16  0:50  SCV  
  17  1:02  SCV  
  18  1:14  SCV  
  19  1:30  Orbital Command, Reaper  
  20  1:41  Command Center  
  20  1:52  Factory  
  20  1:56  SCV  
  21  2:01  Supply Depot  
  21  2:04  Marine  
  21  2:08  SCV  
  23  2:13  Refinery  
  23  2:23  SCV, Marine  
  25  2:35  Hellion, SCV  
  25  2:36  Starport  
  28  2:41  Barracks Reactor  
  28  2:47  SCV  
  29  2:53  Orbital Command  
  29  2:57  Cyclone  
  31  3:01  SCV  
  32  3:13  Medivac  
  32  3:18  SCV x2  
  36  3:22  Refinery  
  36  3:29  Barracks Tech Lab  
  36  3:30  SCV x2  
  38  3:35  Cyclone  
  38  3:36  Supply Depot  
  38  3:37  Cyclone  
  42  3:42  SCV  
  42  3:43  SCV  
  44  3:55  SCV x2  
  46  3:58  Raven  
  48  4:07  SCV x2  
  48  4:08  Cyclone  
  48  4:09  Cyclone  
  52  4:19  SCV x2  
  54  4:31  SCV x2  
  54  4:32  Supply Depot  
  52  4:40  Cyclone  
  54  4:48  Supply Depot  
  54  4:54  Raven, Command Center, Cyclone, Interference Matrix, Barracks Tech Lab, SCV x2  
  60  5:06  SCV x2, Supply Depot  
  62  5:18  SCV x2  
  62  5:19  Stimpack, Marine  
  67  5:23  Supply Depot  
  67  5:24  Refinery  
  67  5:28  Raven  
  67  5:32  SCV x2  
  67  5:34  Barracks, Factory Tech Lab  
  69  5:38  Barracks, Engineering Bay x2  
  65  5:44  SCV x2  
  65  5:48  Bunker  
  67  5:51  Marine  
  67  5:52  Siege Tank  
  66  6:07  Orbital Command  
  66  6:12  Marine, SCV x2  
  66  6:14  Starport Reactor  
  68  6:24  SCV x2  
  61  6:31  Marine x3  
  61  6:34  Siege Tank  
  61  6:36  SCV x2  
  66  6:45  SCV, Marine  
  66  6:46  Combat Shield  
  68  6:48  SCV  
  68  6:49  Terran Infantry Weapons Level 1, Terran Infantry Armor Level 1  
  68  6:52  Marine  
  68  6:53  Marine  
  68  6:54  Marine  
  71  6:57  SCV  
  73  7:05  Barracks  
  73  7:06  Barracks, Marine  
  74  7:10  Marine  
  74  7:11  Marine  
  74  7:13  Siege Tank  
  79  7:18  Medivac x2  
  79  7:19  Orbital Command  
  79  7:20  SCV x2  
  85  7:32  SCV x2  
  85  7:33  Marine x3  
  85  7:34  Marine  
  91  7:37  Supply Depot x2  
  91  7:44  SCV  
  91  7:45  SCV x2  
  91  7:46  Missile Turret  
  91  7:49  Siege Tank  
  91  7:50  Missile Turret  
  97  7:52  Barracks Reactor, Medivac x2  
  101  7:58  SCV x3  
  101  8:01  Barracks Reactor  
  102  8:07  Missile Turret  
  102  8:11  SCV x3  
  102  8:12  Sensor Tower  
  105  8:15  Marine x3  
  108  8:23  SCV x3  
  108  8:25  Marine  
  108  8:26  Siege Tank  
  114  8:28  Medivac  
  114  8:30  Refinery  
  114  8:32  Marine, Refinery  
  117  8:37  Armory  
  117  8:38  SCV x3, Marine x2  
  117  8:40  Supply Depot  
  122  8:44  Marine x3  
  125  9:01  SCV x3, Marine x5  
  133  9:03  Supply Depot x2  
  133  9:20  Command Center  
  133  9:24  Marine x5  
  133  9:25  Terran Infantry Weapons Level 2, Terran Infantry Armor Level 2, SCV x3, Marine  
  133  9:27  Terran Vehicle Weapons Level 1  
  133  9:28  Supply Depot  
  133  9:30  Supply Depot  
  143  9:34  Marine  
  143  9:37  Siege Tank  
  143  9:42  Factory, Marine x3  
  143  9:43  SCV x2  
  143  9:44  Barracks Reactor, SCV  
  149  9:55  Marine x4  
  153  10:00  Marine x2, Supply Depot x3, SCV x2  
  153  10:01  SCV  
  158  10:11  Siege Tank  
  158  10:14  Barracks x2  
  161  10:17  Barracks  
  149  10:28  Marine  
  149  10:31  Marine x8  
  149  10:33  Siege Tank  
  130  10:43  Siege Tank  
  130  10:44  Planetary Fortress  
  130  10:46  SCV x2, Marine  
  130  10:47  SCV  
  130  10:49  Marine x8  
  134  10:56  Viking  
  136  10:59  Viking  
  136  11:04  Barracks Reactor x2, Marine  
  138  11:05  Siege Tank  
  138  11:06  Marine  
  138  11:07  Marine x7  
  151  11:22  Marine  
  151  11:24  Marine x2  
  151  11:25  Marauder, Marine x5  
  158  11:28  Siege Tank, Marine  
  158  11:39  Siege Tank, Marine  
  161  11:42  Marine x7  
  161  11:44  Marine x4  
  161  11:46  Marine x2  
  175  11:52  Command Center, Medivac x2  
  179  11:57  Marine  
  179  12:00  Siege Tank  
  183  12:03  Marine x4  
  183  12:04  Marine x4  
  191  12:22  Siege Tank  
  185  12:26  Marine  
  185  12:27  Marine  
  185  12:28  Marine x4  
  178  12:32  Marine  
  178  12:36  Marine  
  178  12:37  Marine  
  176  12:39  Siege Tank, Marine  
  181  12:44  Marine x5  
  181  12:46  Marine x2  
  181  12:48  Marine  
  189  12:54  Siege Tank  
  190  13:01  Marine x3  
  190  13:02  Marine  
  186  13:20  Sensor Tower  

Tags
 
Add a new tag
Caveats
  • Supply blocks, unpowered buildings, or Contaminate may cause inaccurate times.
  • Supply counts are checked every 10 seconds.